 Dungeon Crawl Stone Soup version 0.31-a0-1611-g890cdf5628 (webtiles) character file.

Game seed: 14499115283510130299

654 Xavori the Trooper (level 7, -3/52 HPs)
             Began as a Djinni Chaos Knight on Jan 8, 2024.
             Was a Plaything of Xom.
             Slain by an ogre
             ... wielding a +2 giant spiked club of chaos
              (28 damage)
             ... on level 5 of the Dungeon.
             The game lasted 00:04:10 (9503 turns).

Xavori the Trooper (Djinni Chaos Knight)            Turns: 9503, Time: 00:04:11

Health: -3/52      AC:  8    Str: 10      XL:     7   Next: 84%
Gold:   91         EV: 13    Int: 12 (13) God:    Xom [*.....] SH:  6 Dex: 24

rFire   + . .        a - +1 falchion (chaos)
rCold   . . .        v - +0 buckler
rNeg    . . .        b - +2 leather armour
rPois   ∞            (no helmet)
rElec   .            u - +0 cloak
rCorr   .            (no gloves)
SInv    .            (boots unavailable)
Will    +....        (no amulet)
Stlth   ++           d - +6 ring of dexterity
HPRegen 0.28/turn    s - ring of ice
MPRegen 0.00/turn

%: random rage (3%), infuse magic (-4 HP)
@: cleaving, flying
A: sickness immunity, fire resistance 2, cold vulnerability 1, float, innate
caster, HP casting, extra vitality 1, iridescent scales 1, agile 1, berserk 1,
strong-willed 1, wild magic 1
a: Renounce Religion


You were on level 5 of the Dungeon.
You worshipped Xom.
You were a special plaything of Xom.
You visited 1 branch of the dungeon, and saw 5 of its levels.

You collected 181 gold pieces.
You spent 90 gold pieces at shops.

Inventory:

Hand Weapons
 a - a +1 falchion of chaos (weapon)
Missiles
 f - a throwing net (quivered)
Armour
 b - a +2 leather armour (worn)
 u - a +0 cloak (worn)
 v - a +0 buckler (worn)
Jewellery
 d - a +6 ring of dexterity (left hand)
 r - a ring of willpower
 s - a ring of ice (right hand)
Wands
 j - a wand of digging (6)
 w - a wand of mindburst (18)
Scrolls
 c - a scroll of butterflies
 e - 2 scrolls of teleportation
 g - 2 scrolls of poison
 h - a scroll of fog
 p - 2 scrolls of blinking
 q - 3 scrolls of immolation
Potions
 i - 2 potions of curing {unknown}
 k - a potion of mutation {unknown}
 l - a potion of might {unknown}
 m - a potion of lignification {unknown}
 n - 2 potions of heal wounds {unknown}
 o - 5 potions of degeneration {unknown}
 t - a potion of attraction {unknown}
 x - a potion of haste {unknown}


   Skills:
 + Level 4.2 Fighting
 + Level 3.9 Long Blades
 + Level 3.1 Armour
 + Level 4.0 Dodging
 + Level 1.6 Shields
 * Level 3.1 Spellcasting
 * Level 3.1 Conjurations
 * Level 3.1 Hexes
   Level 0.0 Charms
 * Level 3.1 Summonings
 * Level 3.1 Necromancy
 * Level 3.1 Translocations
   Level 0.0 Transmutations
 * Level 3.1 Fire Magic
 * Level 3.1 Ice Magic
 * Level 3.1 Air Magic
 * Level 3.1 Earth Magic
 * Level 3.1 Alchemy
 + Level 0.1 Evocations


You knew the following spells:

 Your Spells              Type           Power      Damage    Failure   Level
a - Kiss of Death         Conj/Necr      48%        2d9       21%         1
b - Momentum Strike       Conj/Tloc      24%        3d8       28%         2
c - Passwall              Erth           12%        N/A       47%         3
Your spell library was empty.

Dungeon Overview and Level Annotations

Branches:
Dungeon (5/15)             Temple (0/1) D:4

Altars:
Cheibriados
Zin

Shops:
D:3 ?


Innate Abilities, Weirdness & Mutations

You are immune to sickness and miasma.
You are immune to poison.
Your flesh is very heat resistant. (rF++)
You are vulnerable to cold. (rC-)
You float through the air rather than walking.
You learn spells naturally, not from books.
Your magical power is your life essence.
You have superior vitality. (+4 MHP)
You are partially covered in iridescent scales. (AC +2)
You are agile. (Dex +4, Str/Int -1)
You sometimes lose your temper in combat.
You are strong-willed. (Will+)
Your spells are a little harder to cast, but a little more powerful.


Message History

Confirm with . or Enter, or press ? or * to list all spells.
Okay, then.
Xom's malign attention turns to you for a moment.
You feel dopey. The hound bites you but does no damage.
The hound bites you but does no damage. The hound attacks as it pursues you!
The hound misses you. The hound bites you but does no damage.
Xom alters the dungeon around you.
The stone staircase leading up slides away from you!
The hound bites you. The hound bites you but does no damage.
You barely miss the hound. The hound closely misses you. The hound misses you.
You hit the hound. You burn the hound.
The hound is lightly wounded.
The hound closely misses you. The hound barely misses you.
You slash the hound!
The hound is poisoned.
The hound is severely wounded.
The hound bites you. The hound misses you.
You barely miss the hound.
The hound is almost dead.
You kill the hound!
The ogre closely misses you.
Your Dodging skill increases to level 4!
Casting: Kiss of Death (safe; 21% risk of failure)
Confirm with . or Enter, or press ? or * to list all spells.
Okay, then.
You slash the ogre!
You feel better.
The ogre is moderately wounded.
You slash the ogre!
The ogre is poisoned.
The ogre is heavily wounded.
The ogre hits you with a +2 giant spiked club of chaos!!
You slash the ogre!
The ogre is severely wounded.
The ogre barely misses you.
You hit the ogre but do no damage.
The ogre is almost dead.
The ogre hits you with a +2 giant spiked club of chaos!!
Ouch! That really hurt!
You die...

########
#......#
######.#
#.# #<#
#.# #.#
#.# #@#
#O# #.#
#.# #.#
#.# #.#
#.# #.#


You could see an ogre (very poisoned).

Vanquished Creatures
  An ice beast (D:3)
  A killer bee (D:1)
  A hound (D:5)
  2 gnoll boudas
  2 iguanas (D:4)
  2 orc priests
  Jessica (D:3)
  2 orc wizards
  11 gnolls
  5 adders
  3 dart slugs
  A ribbon worm (D:4)
  10 orcs
  4 ball pythons
  9 bats
  3 endoplasms
  3 giant cockroaches
  5 goblins
  8 hobgoblins
  5 quokkas
  6 frilled lizards
  9 kobolds
  3 rats
97 creatures vanquished.

Notes
Turn   | Place    | Note
-------+----------+-------------------------------------------
     0 | D:1      | Xavori the Djinni Chaos Knight began the quest for the Orb.
     0 | D:1      | Reached XP level 1. HP: 20/20 MP: 0/0
   180 | D:1      | XOM: silly message
   246 | D:1      | Reached XP level 2. HP: 25/25 MP: 0/0
   337 | D:1      | XOM: god gift: wand of digging (6)
   505 | D:1      | Reached XP level 3. HP: 30/30 MP: 0/0
   505 | D:1      | Learned a level 1 spell: Kiss of Death
   632 | D:1      | a rat changed into a killer bee
   632 | D:1      | Noticed a killer bee
   632 | D:1      | XOM: polymorph rat -> killer bee
   635 | D:1      | XOM: swap monsters
   636 | D:1      | Killed a killer bee
   637 | D:1      | Reached skill level 1 in Spellcasting
   637 | D:1      | Reached skill level 1 in Conjurations
   637 | D:1      | Reached skill level 1 in Hexes
   637 | D:1      | Reached skill level 1 in Summonings
   637 | D:1      | Reached skill level 1 in Necromancy
   637 | D:1      | Reached skill level 1 in Translocations
   637 | D:1      | Reached skill level 1 in Fire Magic
   637 | D:1      | Reached skill level 1 in Ice Magic
   637 | D:1      | Reached skill level 1 in Air Magic
   637 | D:1      | Reached skill level 1 in Earth Magic
   637 | D:1      | Reached skill level 1 in Alchemy
   637 | D:1      | Reached XP level 4. HP: 23/35 MP: 0/0
   646 | D:1      | XOM: god gift: javelin
  1255 | D:1      | XOM: divination: detect creatures
  1449 | D:1      | XOM: silly message
  1772 | D:1      | XOM: silly message
  2085 | D:1      | XOM: silly message
  2168 | D:1      | XOM: cloud trail
  2942 | D:1      | XOM: silly message
  3724 | D:1      | XOM: noise
  4275 | D:1      | XOM: give mutations
  4275 | D:1      | Gained mutation: You sometimes lose your temper in combat.
                  | [Xom's mischief]
  4275 | D:1      | Gained mutation: Your spells are a little harder to cast,
                  | but a little more powerful. [Xom's mischief]
  4662 | D:1      | XOM: silly message
  4947 | D:1      | XOM: god gift: scroll labelled JEG ZONLIAMP {god gift}
  6106 | D:1      | XOM: silly message
  6868 | D:1      | XOM: give mutations
  6868 | D:1      | Gained mutation: You are partially covered in iridescent
                  | scales. (AC +2) [Xom's grace]
  6868 | D:1      | Gained mutation: You are agile. (Dex +4, Str/Int -1) [Xom's
                  | grace]
  6868 | D:1      | Gained mutation: You are strong-willed. (Will+) [Xom's
                  | grace]
  7209 | D:2      | Reached XP level 5. HP: 34/40 MP: 0/0
  7209 | D:2      | Learned a level 2 spell: Momentum Strike
  7483 | D:2      | You are sucked into a shaft and drop 1 floor!
  7541 | D:3      | Reached XP level 6. HP: 46/46 MP: 0/0
  7653 | D:3      | XOM: silly message
  8084 | D:3      | Found Afiz's Magic Scroll Boutique.
  8090 | D:3      | Bought a scroll of blinking for 90 gold pieces
  8149 | D:3      | Noticed an ice beast
  8158 | D:3      | Killed an ice beast
  8159 | D:3      | Reached XP level 7. HP: 51/51 MP: 0/0
  8159 | D:3      | Learned a level 3 spell: Passwall
  8301 | D:3      | Noticed an angel
  8302 | D:3      | Found a glowing silver altar of Zin.
  8324 | D:3      | XOM: silly message
  8417 | D:3      | Noticed Jessica
  8422 | D:3      | Killed Jessica
  8552 | D:4      | Found a staircase to the Ecumenical Temple.
  8589 | D:4      | Reached skill level 1 in Shields
  8594 | D:4      | XOM: stat loss: -1 Int (12/13)
  8900 | D:4      | Found a snail-covered altar of Cheibriados.
  9432 | D:5      | Entered Level 5 of the Dungeon
  9476 | D:5      | XOM: cleaving
  9479 | D:5      | XOM: chaos upgrade
  9485 | D:5      | XOM: stat loss: -1 Int (12/13)
  9492 | D:5      | XOM: repel stairs
  9503 | D:5      | Slain by an ogre

Illustrated notes

Levels and vault maps discovered:
D:1:      roderic_chinese_lattice_arrival, layout_basic, minmay_misc_feat_tiny,
          minmay_pentomino_q4
D:2:      layout_loops_cross
D:3:      layout_loops_ring, zin_angel, serial_shops, shop,
          nicolae_grassy_gnolls, uniq_jessica
D:4:      minmay_spotlight, layout_loops_ring, kennysheep_slug_shrine,
          minmay_temple_entry_ruins, dk_noncrumbling_4
D:5:      layout_basic, gammafunk_ghost_grave, uniq_edmund

Skill      XL: |  1  2  3  4  5  6  7 |
---------------+----------------------+-----
Long Blades    | 3 |  3.9
Spellcasting   | 1 2 3 |  3.1
Conjurations   | 1 2 3 |  3.1
Hexes          | 1 2 3 |  3.1
Summonings     | 1 2 3 |  3.1
Necromancy     | 1 2 3 |  3.1
Translocations | 1 2 3 |  3.1
Fire Magic     | 1 2 3 |  3.1
Ice Magic      | 1 2 3 |  3.1
Air Magic      | 1 2 3 |  3.1
Earth Magic    | 1 2 3 |  3.1
Alchemy        | 1 2 3 |  3.1
Armour         | 2 3 |  3.1
Dodging        | 3 4 |  4.0
Fighting       | 4 |  4.2
Shields        | 1 |  1.6
Evocations     | |  0.1

Action                     |  1- 3 |  4- 6 |  7- 9 || total
---------------------------+-------+-------+-------++-------
  Melee: Falchion          |    56 |   141 |    98 ||   295
         Punch             |       |     2 |       ||     2
   Cast: Momentum Strike   |       |     1 |       ||     1
    Use: Scroll            |       |     6 |     1 ||     7
   Stab: Sleeping          |       |     5 |       ||     5
         Petrified         |       |     2 |       ||     2
 Armour: Leather armour    |    43 |   102 |    64 ||   209
  Dodge: Dodged            |    37 |   109 |    66 ||   212
  Block: Buckler           |       |     3 |    22 ||    25

Table legend: (Time is in decaauts)
 A = Elapsed time spent in this place.
 B = Non-inter-level travel time spent in this place.
 C = Inter-level travel time spent in this place.
 D = Time resting spent in this place.
 E = Time spent auto-exploring this place.
 F = Levels seen in this place.
 G = Mean time per level.
                   A        B        C        D        E       F      G
               +--------+--------+--------+--------+--------+-----+--------+
         Total |   9613 |   9517 |     96 |   6115 |   2655 |   5 | 1922.6 |
       Dungeon |   9613 |   9517 |     96 |   6115 |   2655 |   5 | 1922.6 |
               +--------+--------+--------+--------+--------+-----+--------+

Top non-repeatable levels by time:
     D:1: 7044 daAuts
     D:4: 948 daAuts
     D:3: 801 daAuts
     D:2: 746 daAuts
     D:5: 72 daAuts
